 Dungeon Crawl Stone Soup version 0.20-a0-16-g0876c8e (webtiles) character file.

12 Kingduke777 the Digger (level 2, 12/15 HPs)
             Began as a Gargoyle Earth Elementalist on Nov 3, 2016.
             Quit the game on level 1 of the Dungeon.
             The game lasted 00:07:05 (1274 turns).

Kingduke777 the Digger (GrEE)                       Turns: 1274, Time: 00:07:05

Health: 12/15      AC:  6    Str: 11    XL:     2   Next: 33%
Magic:  1/5        EV: 12    Int: 15    God:
Gold:   40         SH:  0    Dex: 10    Spells: 1 memorised, 4 levels left

rFire  . . .     SeeInvis .     (no weapon)
rCold  . . .     Gourm    .     c - +0 robe
rNeg   + . .     Faith    .     (no shield)
rPois  ∞         Spirit   .     i - +0 helmet
rElec  +         Reflect  .     (no cloak)
rCorr  .         Harm     .     (no gloves)
MR     .....                    h - +0 pair of boots
Stlth  ++........               (no amulet)
                                (no ring)
                                (no ring)

@: starving
A: negative energy resistance 1, electricity resistance, unbreathing,
petrification resistance, rot immunity, AC +2
a: no special abilities


You were on level 1 of the Dungeon.
You were starving.

You visited 1 branch of the dungeon, and saw 1 of its levels.

You collected 40 gold pieces.

Inventory:

Hand Weapons
 a - a +0 hand axe
Missiles
 k - 6 tomahawks (quivered)
Armour
 c - a +0 robe (worn)
 h - a +0 pair of boots (worn)
 i - a +0 helmet (worn)
Scrolls
 g - a scroll of noise {unknown}
Potions
 f - a potion of brilliance {unknown}
 j - a potion of flight {unknown}
 l - 2 potions of curing
Books
 e - a book of Geomancy

   Spells                             Type                      Level
   a - Sandblast                      Earth                        1
   b - Passwall                       Transmutation/Earth          2
   c - Stone Arrow                    Conjuration/Earth            3
   d - Petrify                        Transmutation/Earth          4
   e - Lee's Rapid Deconstruction     Earth                        5
Comestibles
 d - 2 bread rations


   Skills:
 - Level 1.5 Dodging
 - Level 2.1 Stealth
 - Level 2.0 Spellcasting
   Level 0.7 Transmutations
 + Level 4.4 Earth Magic


You had 4 spell levels left.
You knew the following spells:

 Your Spells              Type           Power        Failure   Level  Hunger
a - Sandblast             Erth           ##....       4%          1    #......


Dungeon Overview and Level Annotations

Branches:
Dungeon (1/15)

Altars:


Innate Abilities, Weirdness & Mutations

You are resistant to torment.
Your stone body is resilient. (AC +2)
You are immune to poison.
You resist negative energy. (rN+)
You are resistant to electric shocks. (rElec)
You can survive without breathing.
You are immune to petrification.
You are immune to rotting.


Message History

Aim: a hobgoblin, wearing a scale mail (moderately wounded)
You throw a tomahawk. The tomahawk hits the hobgoblin.
You kill the hobgoblin!
Throwing (i - inventory):
k - 2 tomahawks (quivered)
Press: ? - help, Shift-Dir - straight line, f - you Really target yourself?
Okay, then.
You now have 40 gold pieces (gained 30).
k - 6 tomahawks (gained 4)
You see here a scale mail.
There isn't anything to butcher here.
You start resting.
You are starving!
You're too hungry to rest.
Welcome back, Kingduke777 the Gargoyle Earth Elementalist.
Press ? for a list of commands and other information.
Unknown command.
Are you sure you want to abandon this character and quit the game? (Confirm with "yes".)
Okay, then.
Are you sure you want to abandon this character and quit the game? (Confirm with "yes".)

#.######..#.#.# #.##.#.#
. #..#.#.# #.##.#.#
###### ##...#.# #.##.#.#
.....# #...#.# #....#.#
.....# ##..#.########.#
.....####...#.#... ..#.#
.....+..........# #.#.#
.....####..#..######.#.#
................@..[.#.#
###.#####.....########.#
..#.#....##.#........#.#
#.#.#.##.##....#####.#.#
. #.#............# #
#.###........#.#
###...'........#...
...####....#...#####
##...................


There were no monsters in sight!

Vanquished Creatures
  A giant cockroach (D:1)
  3 hobgoblins (D:1)
  3 bats (D:1)
  A frilled lizard (D:1)
  3 kobolds (D:1)
  A rat (D:1)
12 creatures vanquished.

Notes
Turn   | Place    | Note
-------+----------+-------------------------------------------
     0 | D:1      | Kingduke777 the Gargoyle Earth Elementalist began the quest for the Orb.
     0 | D:1      | Reached XP level 1. HP: 10/10 MP: 3/3
   371 | D:1      | Reached skill level 4 in Earth Magic
   723 | D:1      | Reached XP level 2. HP: 15/15 MP: 5/5
  1274 | D:1      | Quit the game

Vault maps used:
D:1:      mrwooster_arrival_arrow, minmay_surrounded

Skill      XL: |  1 |
---------------+----+-----
Earth Magic    | 4 |  4.4
Dodging        | |  1.5
Stealth        | |  2.1
Spellcasting   | |  2.0
Transmutations | |  0.7

Action                   || total
-------------------------++-------
Melee: Hand axe          ||     9
Throw: Tomahawk          ||     4
 Cast: Sandblast         ||    51
Armor: Robe              ||    45
Dodge: Dodged            ||    99
